 Dungeon Crawl Stone Soup version 0.27-a0-1256-gced786f65e (webtiles) character file.

Game seed: 15378653298893859906

1213 mordus the Basher (level 8, -2/63 (74) HPs)
             Began as a Troll Monk on June 10, 2021.
             Slain by a wight
             ... wielding a +0 battleaxe
              (11 damage)
             ... on level 6 of the Dungeon.
             The game lasted 00:10:50 (4584 turns).

mordus the Basher (Troll Monk)                      Turns: 4584, Time: 00:10:52

HP:   -2/63 (74)    AC:  8    Str: 22    XL:     8   Next: 22%
MP:   0/7           EV: 10    Int:  6    God:
Gold: 269           SH:  0    Dex: 12    Spells: 7/7 levels left

rFire    . . .     SeeInvis .   a - +0 mace
rCold    . . .     Faith    .   (no shield)
rNeg     . . .     Spirit   +   b - +0 robe
rPois    .         Reflect  .   (helmet restricted)
rElec    .         Harm     .   (no cloak)
rCorr    .         Rampage  .   (gloves unavailable)
Will     .....                  (boots unavailable)
Stlth    ++........             p - amulet of guardian spirit
HPRegen  1.20/turn              o - +4 ring of protection
MPRegen  0.10/turn              (no ring)

@: heavily drained
A: large, unfitting armour, claws 3, regeneration 1, shaggy fur 1, tough skin 1
a: no special abilities


You were on level 6 of the Dungeon.
You visited 1 branch of the dungeon, and saw 6 of its levels.

You collected 269 gold pieces.

Inventory:

Hand Weapons
 a - a +0 mace (weapon)
 y - a +0 morningstar
Missiles
 w - 5 large rocks (quivered)
Armour
 b - a +0 robe (worn)
Jewellery
 f - a ring of wizardry
 o - a +4 ring of protection (left claw)
 p - an amulet of guardian spirit (around neck)
Wands
 m - a wand of polymorph (4)
 s - a wand of digging (3)
 x - a wand of acid (9)
Scrolls
 c - a scroll of vulnerability {unknown}
 d - 4 scrolls of identify {unknown}
 h - a scroll of holy word {unknown}
 i - a scroll of magic mapping {unknown}
 j - 2 scrolls of fear {unknown}
 k - 3 scrolls of enchant weapon {unknown}
 q - a scroll of teleportation {unknown}
 t - a scroll of noise {unknown}
 u - a scroll of fog {unknown}
 v - a scroll of enchant armour {unknown}
Potions
 e - 2 potions of haste {unknown}
 g - 3 potions of resistance {unknown}
 l - a potion of might {unknown}
 n - a potion of invisibility {unknown}
 r - 2 potions of curing {unknown}


   Skills:
 - Level 2.4 Fighting
 + Level 9.5 Maces & Flails
 - Level 2.4 Dodging
 - Level 1.0 Stealth


You had 7 spell levels left.
You didn't know any spells.
Your spell library contained the following spells:

 Spells                   Type           Power      Damage    Failure   Level
 Freeze                   Ice            0%         1d3       45%         1
 Frozen Ramparts          Ice            0%         1d2       83%         3
 Ozocubu's Armour         Ice            0%         N/A       83%         3
 Hailstorm                Conj/Ice       0%         3d3       99%         4
 Metabolic Englaciation   Hex/Ice        0%         N/A       100%        5


Dungeon Overview and Level Annotations

Branches:
Dungeon (6/15)             Temple (0/1) D:5

Altars:
Ashenzari
Fedhas
Wu Jian
The Shining One


Innate Abilities, Weirdness & Mutations

You are too large for most types of armour.
You have claws for hands.
Your natural rate of healing is unusually fast.
You are covered in fur. (AC +1)
You have tough skin. (AC +1)


Message History

You destroy the wight!
The wight barely misses you. The wight barely misses you.
Things that are here:
a +1 morningstar; a +0 robe You hit the wight.
The wight is lightly damaged.
You closely miss the wight.
The wight is lightly damaged.
The wight barely misses you. The wight hits you with a +0 battleaxe.
You closely miss the wight.
The wight is lightly damaged.
The wight hits you with a +2 halberd! The wight barely misses you.
You barely miss the wight.
The wight is lightly damaged.
The wight hits you with a +2 halberd! The wight hits you with a +0 battleaxe!
You feel drained.
* * * LOW HITPOINT WARNING * * *
The wight hits you with a +2 halberd.
* * * LOW HITPOINT WARNING * * *
The wight barely misses you. The wight barely misses you.
Things that are here:
a +1 morningstar; a +0 robe You closely miss the wight.
The wight hits you but does no damage. The wight barely misses you.
You barely miss the wight.
The wight hits you from afar with a +2 halberd!
The wight hits you with a +0 battleaxe!
You barely miss the wight.
The wight hits you from afar with a +2 halberd.
The wight closely misses you.
You sock the wight!
The wight is heavily damaged.
The wight hits you from afar with a +2 halberd!
* * * LOW HITPOINT WARNING * * *
You feel drained.
* * * LOW HITPOINT WARNING * * *
The wight hits you with a +0 battleaxe!
You die...

.....).#.#.# #...#..>##..........
########...###.#.#.#.#.......##..
##..........#....###### #
#.###............### #..#
#......#.......#
####.####†..#..##.##..(..#
#....###.....z..#.####.....
.#......#.##z.............
............@.#...########.
...#######.######## . #.# #.# #.#
#.# #.# ###


You could see 2 wights.

Vanquished Creatures
  Grinder (D:3)
  An ogre (D:5)
  2 necrophages (D:6)
  A phantom (D:5)
  A bullfrog (D:6)
  A howler monkey (D:4)
  A wight (D:6)
  2 hounds (D:5)
  2 bullfrog zombies (D:5)
  A centaur zombie (D:6)
  A jelly (D:5)
  An orc priest (D:5)
  3 orc wizards (D:5)
  A bullfrog skeleton (D:5)
  2 iguanas
  9 adders
  A gnoll (D:5)
  A white imp (D:5)
  An adder skeleton (D:5)
  2 worms
  2 dart slugs
  3 orcs
  4 ball pythons
  6 bats
  An endoplasm (D:3)
  2 giant cockroaches
  10 goblins
  5 hobgoblins
  3 quokkas
  2 frilled lizards
  13 kobolds
  2 rats
88 creatures vanquished.

Vanquished Creatures (others)
  10 plants (D:3)
10 creatures vanquished.

Grand Total: 98 creatures vanquished

Notes
Turn   | Place    | Note
-------+----------+-------------------------------------------
     0 | D:1      | mordus the Troll Monk began the quest for the Orb.
     0 | D:1      | Reached XP level 1. HP: 22/22 MP: 0/0
   195 | D:1      | Reached skill level 3 in Maces & Flails
   301 | D:1      | Reached XP level 2. HP: 29/29 MP: 1/1
   834 | D:2      | Reached XP level 3. HP: 36/36 MP: 2/2
   992 | D:2      | Reached skill level 4 in Maces & Flails
  1287 | D:3      | Noticed Grinder
  1334 | D:3      | Paralysed by Grinder for 4 turns
  1346 | D:3      | Killed Grinder
  1347 | D:3      | Reached skill level 6 in Maces & Flails
  1347 | D:3      | Reached XP level 4. HP: 14/44 MP: 3/3
  1347 | D:3      | Reached XP level 5. HP: 16/50 MP: 4/4
  1441 | D:3      | Found an ornate altar of the Wu Jian Council.
  1718 | D:3      | Reached XP level 6. HP: 59/59 MP: 5/5
  1760 | D:3      | Found a faded altar of an unknown god.
  2389 | D:4      | Found a broken altar of Ashenzari.
  2800 | D:5      | Entered Level 5 of the Dungeon
  2870 | D:5      | Reached skill level 7 in Maces & Flails
  2984 | D:5      | Reached XP level 7. HP: 62/66 MP: 6/6
  3214 | D:5      | Reached skill level 8 in Maces & Flails
  3499 | D:5      | Found a staircase to the Ecumenical Temple.
  3714 | D:5      | Found a blossoming altar of Fedhas.
  3743 | D:5      | Found a glowing golden altar of the Shining One.
  4400 | D:6      | Reached skill level 9 in Maces & Flails
  4400 | D:6      | Reached XP level 8. HP: 71/74 MP: 5/7
  4584 | D:6      | Slain by a wight

Illustrated notes

Levels and vault maps discovered:
D:1:      minmay_arrival_up_and_down, layout_loops_ring, kennysheep_nondescript,
          chequers_serial_rivers_micro_c, serial_bayou_pond_a
D:2:      layout_rooms
D:3:      wad_woods_pond, layout_basic, nicolae_wu_jian_wuxing_cycle,
          ebering_ecumenical_altar_box, kennysheep_nub, uniq_grinder
D:4:      layout_basic, ashenzari_conservatory_becter
D:5:      layout_layer_cave, tso_oasis_becter, kennysheep_little_box,
          minmay_temple_entry_glassed_door, cheibrodos_gnoll_hut
D:6:      layout_rooms, old_standard_altar, minmay_misc_feat_ornament,
          minmay_lizard_king

Skill      XL: |  1  2  3  4  5  6  7 |
---------------+----------------------+-----
Maces & Flails | 3 6 7 9 |  9.5
Fighting       | |  2.4
Dodging        | |  2.4
Stealth        | |  1.0

Action                   |  1- 3 |  4- 6 |  7- 9 || total
-------------------------+-------+-------+-------++-------
Melee: Mace              |   112 |   137 |   154 ||   403
 Stab: Sleeping          |     5 |     2 |     2 ||     9
Armor: Robe              |    48 |    66 |    59 ||   173
Dodge: Dodged            |    55 |    68 |    75 ||   198

Table legend: (Time is in decaauts)
 A = Elapsed time spent in this place.
 B = Non-inter-level travel time spent in this place.
 C = Inter-level travel time spent in this place.
 D = Time resting spent in this place.
 E = Time spent auto-exploring this place.
 F = Levels seen in this place.
 G = Mean time per level.
                   A        B        C        D        E       F      G
               +--------+--------+--------+--------+--------+-----+--------+
         Total |   4625 |   4520 |    105 |     96 |   3539 |   6 |  770.8 |
       Dungeon |   4625 |   4520 |    105 |     96 |   3539 |   6 |  770.8 |
               +--------+--------+--------+--------+--------+-----+--------+

Top non-repeatable levels by time:
     D:5: 1517 daAuts
     D:3: 890 daAuts
     D:1: 778 daAuts
     D:4: 629 daAuts
     D:2: 542 daAuts
     D:6: 267 daAuts
